 Dungeon Crawl Stone Soup version 0.30-a0-776-g08fbeb92c1 (webtiles) character file.

Game seed: 10302909815607022294

30 Chromium the Covered (level 3, -6/33 HPs)
             Began as an Armataur Fighter on Feb 13, 2023.
             Was a High Priest of Ignis.
             Mangled by Terence
             ... wielding a +0 mace
              (12 damage)
             ... on level 2 of the Dungeon.
             The game lasted 00:03:14 (1350 turns).

Chromium the Covered (Armataur Fighter)             Turns: 1350, Time: 00:03:14

Health: -6/33      AC: 11    Str: 23    XL:     3   Next: 5%
Magic:  3/3        EV:  4    Int:  8    God:    Ignis [*****.]
Gold:   47         SH:  4    Dex:  9    Spells: 2/2 levels left

rFire   + . .      SeeInvis .    a - +0 long sword
rCold   + . .      Faith    .    c - +0 buckler
rNeg    . . .      Spirit   .    h - +1 plate armour {rC+}
rPois   .          Reflect  .    (no helmet)
rElec   .          Harm     .    (no cloak)
rCorr   .          Roll     +    (no gloves)
Will    .....                    (no barding) Stlth
                                 (no amulet)
HPRegen 0.25/turn                (no ring)
MPRegen 0.08/turn                (no ring)

@: no status effects
A: large, rugged brown scales 3, deformed body, armoured tail, roll, long
tongue, awkward tongue
a: Renounce Religion, Fiery Armour, Foxfire Swarm, Rising Flame


You were on level 2 of the Dungeon.
You worshipped Ignis.
Ignis was extremely pleased with you.
You visited 1 branch of the dungeon, and saw 2 of its levels.

You collected 47 gold pieces.

Inventory:

Hand Weapons
 a - a +0 long sword (weapon)
Armour
 c - a +0 buckler (worn)
 h - a +1 plate armour of cold resistance (worn)
Scrolls
 f - 4 scrolls of silence {unknown}
 g - 2 scrolls of identify {unknown}
 j - 2 scrolls of teleportation {unknown}
Potions
 b - a potion of experience {unknown}
 d - a potion of might
 e - 3 potions of curing {unknown}
 i - a potion of magic {unknown}
 k - a potion of flight {unknown}
 l - 2 potions of attraction {unknown}
 m - 2 potions of heal wounds {unknown}


   Skills:
 + Level 3.2 Fighting
 - Level 1.8 Long Blades
 + Level 4.4 Armour
 - Level 3.4 Shields


You had 2 spell levels left.
You didn't know any spells.
Your spell library contained the following spells:

 Spells                   Type           Power      Damage    Failure   Level
 Lesser Beckoning         Tloc           0%         N/A       100%        2
 Gell's Gravitas          Tloc           0%         N/A       100%        3
 Teleport Other           Tloc           0%         N/A       100%        3


Dungeon Overview and Level Annotations

Branches:
Dungeon (2/15)

Altars:
Ignis

Annotations:
D:2 Terence


Innate Abilities, Weirdness & Mutations

You are completely covered in rugged brown scales. (AC +3, +7% HP)
Armour fits poorly on your strangely shaped body.
You have a long armoured tail.
You roll when moving toward enemies. (Rampage)
Your long tongue fully drains potion bottles. (2x potion effects)
Your tongue gives you trouble enunciating. (1.5x scroll delay)


Message History

Found a stone staircase leading up.
There is a stone staircase leading up here.
Found a hand axe.
Found a book of Displacement.
m - 2 blue potions You see here a +0 hand axe.
You pick up a book of Displacement and begin reading...
You add the spells Lesser Beckoning, Gell's Gravitas and Teleport Other to your library.
Found a whip.
You see here a +0 whip.
A giant cockroach comes into view.
Found a scroll labelled TANIETAGGA.
A giant cockroach is nearby!
Terence the Incautious comes into view.
He is wielding a +0 mace.
Terence shouts!
You roll towards the giant cockroach!
You see here a scroll labelled TANIETAGGA.
You barely miss the giant cockroach.
The giant cockroach completely misses you.
You barely miss the giant cockroach.
The giant cockroach bites you but does no damage. x2
You barely miss the giant cockroach. The giant cockroach barely misses you.
You hit the giant cockroach.
You kill the giant cockroach!
You closely miss Terence. Terence barely misses you.
You barely miss Terence. You block Terence's attack.
Terence hits you with a +0 mace.
You closely miss Terence.
Terence drinks a potion.
Terence seems to grow stronger.
You hit Terence.
Terence is moderately wounded.
Terence hits you with a +0 mace!
You hit Terence but do no damage.
Terence is moderately wounded.
Terence hits you with a +0 mace. Terence hits you with a +0 mace!
* * * LOW HITPOINT WARNING * * *
You closely miss Terence. You tail-slap Terence.
Terence is heavily wounded.
Terence hits you with a +0 mace!
You die...

#..####.##
##### #..#
#.# ...
#..# #.###
... #..#
#.... ...
#..########
#.#
#..........
#.#
#.#########
#@# #.# #@#
#)#
#.######.#
#........#
##########


You could see Terence (strong).

Vanquished Creatures
  A worm (D:2)
  2 dart slugs
  2 ball pythons
  3 endoplasms (D:2)
  A giant cockroach (D:2)
  2 goblins (D:1)
  A hobgoblin (D:1)
  3 kobolds
  3 quokkas (D:1)
  A bat (D:1)
  A frilled lizard (D:1)
  2 rats
22 creatures vanquished.

Vanquished Creatures (others)
  8 withered plants (D:1)
8 creatures vanquished.

Grand Total: 30 creatures vanquished

Notes
Turn   | Place    | Note
-------+----------+-------------------------------------------
     0 | D:1      | Chromium the Armataur Fighter began the quest for the Orb.
     0 | D:1      | Reached XP level 1. HP: 19/19 MP: 1/1
   229 | D:1      | Reached XP level 2. HP: 26/26 MP: 2/2
   274 | D:1      | Reached skill level 4 in Armour
   369 | D:1      | Found a faded altar of an unknown god.
   405 | D:1      | Prayed at the altar of an unknown god.
   405 | D:1      | Became a worshipper of Ignis, the Dying Flame
  1195 | D:2      | Reached XP level 3. HP: 23/33 MP: 3/3
  1339 | D:2      | Noticed Terence
  1350 | D:2      | Mangled by Terence

Illustrated notes

Levels and vault maps discovered:
D:1:      amcnicky_arrival_underground_garden, layout_loops_ring,
          ebering_ecumenical_altar_petrified
D:2:      layout_loops_ring, uniq_terence

Skill      XL: |  1  2 |
---------------+-------+-----
Armour         | 4 |  4.4
Fighting       | 3 |  3.2
Long Blades    | |  1.8
Shields        | |  3.4

Action                     || total
---------------------------++-------
  Melee: Long sword        ||    97
         Tailslap          ||    12
 Armour: Plate armour      ||    45
         Scale mail        ||     7
  Dodge: Dodged            ||    18
  Block: Buckler           ||    10

Table legend: (Time is in decaauts)
 A = Elapsed time spent in this place.
 B = Non-inter-level travel time spent in this place.
 C = Inter-level travel time spent in this place.
 D = Time resting spent in this place.
 E = Time spent auto-exploring this place.
 F = Levels seen in this place.
 G = Mean time per level.
                   A        B        C        D        E       F      G
               +--------+--------+--------+--------+--------+-----+--------+
         Total |   1382 |   1382 |      0 |      0 |    944 |   2 |  691.0 |
       Dungeon |   1382 |   1382 |      0 |      0 |    944 |   2 |  691.0 |
               +--------+--------+--------+--------+--------+-----+--------+

Top non-repeatable levels by time:
     D:1: 776 daAuts
     D:2: 605 daAuts
